 Dungeon Crawl Stone Soup version 0.30-a0-800-g7c544603b3 (webtiles) character file.

Game seed: 13922676827359906377

4645 hikkokomori the Fighter (level 10, -2/68 HPs)
             Began as a Gargoyle Berserker on Feb 23, 2023.
             Was a High Priest of Trog.
             Slain by Erolcha
             ... wielding a +0 giant club
              (18 damage)
             ... on level 9 of the Dungeon.
             The game lasted 00:18:18 (7601 turns).

hikkokomori the Fighter (Gargoyle Berserker)        Turns: 7601, Time: 00:18:19

Health: -2/68      AC: 24    Str: 24    XL:     10   Next: 43%
Magic:  10/10      EV:  9    Int:  9    God:    Trog [*****.]
Gold:   586        SH:  0    Dex:  9    Spells: 9/9 levels left

rFire   + . .      SeeInvis .    h - +1 hand axe (vamp)
rCold   + . .      Faith    .    (no shield)
rNeg    + . .      Spirit   .    p - +1 chain mail
rPois   ∞          Reflect  .    y - +2 helmet
rElec   +          Harm     .    q - +0 cloak
rCorr   .          Rampage  .    (no gloves)
Will    ++...      Clarity  +    r - +0 pair of boots Stlth
                                 (no amulet)
HPRegen 1.31/turn                w - ring of protection from cold
MPRegen 0.12/turn                G - ring of protection from fire

@: strong-willed, on berserk cooldown, regenerating, slowed, very slow
A: sickness immunity, AC +7, negative energy resistance 1, electricity
resistance, torment resistance 1, petrification resistance, clarity, wild magic
1
a: Renounce Religion, Berserk, Trog's Hand, Brothers in Arms


You were on level 9 of the Dungeon.
You worshipped Trog.
Trog was extremely pleased with you.
You visited 2 branches of the dungeon, and saw 10 of its levels.
You also visited: Ossuary.

You collected 736 gold pieces.
You spent 150 gold pieces at shops.

Inventory:

Hand Weapons
 a - a +1 hand axe
 h - a +1 vampiric hand axe (weapon)
 F - a +3 hand axe
 I - a +3 morningstar of freezing
Armour
 p - a +1 chain mail (worn)
 q - a +0 cloak (worn)
 r - a +0 pair of boots (worn)
 y - a +2 helmet (worn)
Jewellery
 w - a ring of protection from cold (left hand)
 G - a ring of protection from fire (right hand)
Wands
 d - a wand of flame (14)
 s - a wand of iceblast (8)
 E - a wand of charming (12)
 H - a wand of mindburst (14)
Scrolls
 b - a scroll of magic mapping
 e - 3 scrolls of teleportation
 i - 6 scrolls of blinking
 j - a scroll of brand weapon {unknown}
 l - 2 scrolls of fog {unknown}
 n - 2 scrolls of enchant weapon
 o - a scroll of enchant armour
 v - a scroll of immolation
 z - 2 scrolls of butterflies
Potions
 c - 3 potions of ambrosia {unknown}
 f - 3 potions of brilliance {unknown}
 g - 4 potions of mutation
 k - 5 potions of curing {unknown}
 m - 2 potions of magic {unknown}
 t - a potion of flight {unknown}
 u - 2 potions of lignification {unknown}
 x - 5 potions of attraction
 A - 3 potions of berserk rage {unknown}
 B - a potion of might {unknown}
 C - 5 potions of heal wounds
 D - 2 potions of haste {unknown}


   Skills:
 * Level 10.1 Fighting
 * Level 8.4 Axes
 + Level 7.0 Armour
 - Level 2.2 Dodging
 + Level 5.0 Evocations


You had 9 spell levels left.
You didn't know any spells.
Your spell library was empty.

Dungeon Overview and Level Annotations

Branches:
Dungeon (9/15)             Temple (1/1) D:4         Ossuary (visited)
   Lair: D:8-11         Orc: D:9-12

Altars:
Cheibriados
Dithmenos
Elyvilon
Fedhas
Gozag
Hepliaklqana
Kikubaaqudgha
Makhleb
Nemelex Xobeh
Okawaru
Qazlal
Ru
Sif Muna
Trog
Uskayaw
Vehumet
Wu Jian
Xom
Yredelemnul
Zin
The Shining One

Shops:
D:1 *   D:8 :

Annotations:
D:7 2 transporters, Smoke131's ghost, novice OgGl
D:9 Erolcha


Innate Abilities, Weirdness & Mutations

You are immune to sickness and miasma.
Your stone body is resilient. (AC +7)
You are immune to poison.
You resist negative energy. (rN+)
You are resistant to electric shocks. (rElec)
You are resistant to unholy torment.
You are immune to petrification.
You possess an exceptional clarity of mind.
Your spells are a little harder to cast, but a little more powerful.


Message History

You slash the yak!
The yak is almost dead.
You slash something!
You feel better. The yak gores you but does no damage.
You slice the yak!!
You kill the yak!
Trog accepts your kill.
You slash something!
You feel better.
No target in view!
No target in view!
No target in view!
No target in view!
No target in view!
No target in view!
No target in view!
No target in view!
No target in view!
No target in view!
You hear some strange, mumbled words.
You see here a yak corpse.
You feel a strong urge to attack something.
You feel your anger nearly subside.
You are no longer berserk.
You are exhausted.
You feel yourself slow down.
You see here a yak corpse.
Something hits you but does no damage.
You closely miss something. Something hits you but does no damage.
You miss something.
You hear some strange, mumbled words.
You feel the effects of Trog's Hand fading.
Something hits you but does no damage.
Something is blocking the doorway!
Something hits you!!
Your skin stops crawling.
You feel less strong-willed. Something hits you!
You see here a ring of ice.
Your skin crawls.
You feel strong-willed. Something hits you!
* * * LOW HITPOINT WARNING * * *
Something hits you!!
You die...

.......#..####.....#...........#
(......)..# ##############'#+#.
..........# ...... #.# #.
......~...## ...... #...#.
~~...~~~...######...... #######.
~....~≈..†......?...... +.......
~.....~~......#........ ######..
~.............'........ #..
~.........$...#@....... #####..
.............#........ .......
.............#...###.. .......
.............#...# . .......
.....##......#...# ....... ....
#...# ....... #.... .......
#..... ##..... #......


There were no monsters in sight!

Vanquished Creatures
  Pikel (D:9)
  A wyvern (D:8)
  3 yaks (D:9)
  2 water moccasins
  An orc warrior (D:9)
  2 ice beasts
  3 black bears
  3 ogres (D:5)
  5 centaurs
  A lemure (D:9)
  4 bullfrogs
  4 scorpions
  11 wights
  2 electric eels (D:9)
  2 howler monkeys (D:9)
  4 hounds
  4 orc priests
  A jelly (D:6)
  A human zombie (D:5)
  Jessica (D:2)
  6 iguanas
  8 orc wizards
  3 mummies (Ossuary)
  3 gnolls (D:5)
  5 adders
  2 white imps (D:7)
  2 adder zombies (Ossuary)
  3 worms (D:3)
  A dart slug (D:1)
  41 orcs
  11 ball pythons
  7 endoplasms
  3 giant cockroaches
  5 goblins
  7 hobgoblins
  7 quokkas
  2 bats
  2 frilled lizards (D:1)
  A gnoll zombie (D:5)
  A goblin zombie (Ossuary)
  5 hobgoblin zombies (Ossuary)
  8 kobolds
  A kobold zombie (Ossuary)
  2 orc zombies (Ossuary)
  4 quokka zombies (Ossuary)
  9 rats
  3 rat zombies (Ossuary)
208 creatures vanquished.

Vanquished Creatures (others)
  An orc (D:3)
  6 plants (D:7)
7 creatures vanquished.

Grand Total: 215 creatures vanquished

Notes
Turn   | Place    | Note
-------+----------+-------------------------------------------
     0 | D:1      | hikkokomori the Gargoyle Berserker began the quest for the
                  | Orb.
     0 | D:1      | Reached XP level 1. HP: 14/14 MP: 1/1
   150 | D:1      | Reached XP level 2. HP: 13/19 MP: 2/2
   420 | D:1      | Reached ** piety under Trog
   530 | D:1      | Reached XP level 3. HP: 19/24 MP: 3/3
   688 | D:1      | Found Dijint's Assorted Antiques.
  1310 | D:2      | Noticed Jessica
  1320 | D:2      | Reached skill level 4 in Fighting
  1323 | D:2      | Killed Jessica
  1324 | D:2      | Reached XP level 4. HP: 29/29 MP: 4/4
  1555 | D:3      | Found a shimmering blue altar of Sif Muna.
  1692 | D:2      | Reached XP level 5. HP: 15/34 MP: 5/5
  2182 | D:3      | Gained mutation: You possess an exceptional clarity of
                  | mind. [potion of mutation]
  2182 | D:3      | Gained mutation: Your spells are a little harder to cast,
                  | but a little more powerful. [potion of mutation]
  2570 | D:1      | Bought a glowing helmet for 150 gold pieces
  2605 | D:4      | Found a staircase to the Ecumenical Temple.
  2619 | Temple   | Entered the Ecumenical Temple
  2965 | D:5      | Entered Level 5 of the Dungeon
  2975 | D:5      | Noticed an ogre
  2976 | D:5      | Reached XP level 6. HP: 31/40 MP: 6/6
  2978 | D:5      | Reached *** piety under Trog
  2979 | D:5      | Reached skill level 5 in Fighting
  2979 | D:5      | Reached skill level 1 in Evocations
  3151 | D:5      | Noticed an ice beast
  3178 | D:5      | Killed an ice beast
  3179 | D:5      | Reached XP level 7. HP: 20/45 MP: 7/7
  3258 | D:5      | Found a sand-covered staircase.
  3267 | Ossuary  | Entered an ossuary
  3603 | D:5      | Reached skill level 6 in Fighting
  3609 | D:5      | Reached skill level 5 in Axes
  3919 | D:5      | Reached XP level 8. HP: 52/52 MP: 8/8
  4209 | D:5      | Reached skill level 7 in Fighting
  4364 | D:4      | Reached **** piety under Trog
  4375 | D:4      | Reached skill level 5 in Armour
  4604 | D:6      | Found a hide-covered altar of Uskayaw.
  4671 | D:6      | Identified the +1 flail of the Stork {heavy, rC+}
  4732 | D:6      | Found a burning altar of Makhleb.
  5464 | D:7      | Reached XP level 9. HP: 59/59 MP: 9/9
  5530 | D:7      | Found a transporter.
  5550 | D:7      | Noticed Smoke131's ghost (novice OgGl)
  5576 | D:7      | Reached skill level 8 in Fighting
  5627 | D:7      | Reached ***** piety under Trog
  5725 | D:7      | Found a transporter.
  6481 | D:8      | Reached skill level 9 in Fighting
  6519 | D:8      | Found Ratemas's Book Shop.
  7044 | D:9      | Found a blossoming altar of Fedhas.
  7050 | D:9      | Reached XP level 10. HP: 66/66 MP: 10/10
  7278 | D:9      | Noticed Pikel
  7283 | D:9      | Received a gift from Trog
  7303 | D:9      | Killed Pikel
  7568 | D:9      | Noticed Erolcha
  7578 | D:9      | Reached skill level 10 in Fighting
  7578 | D:9      | Reached skill level 5 in Evocations
  7601 | D:9      | Slain by Erolcha

Illustrated notes

Levels and vault maps discovered:
D:1:      minmay_arrival_loop, layout_loops_ring, serial_shops,
          nicolae_shop_trees
D:2:      layout_rooms, uniq_jessica
D:3:      layout_rooms, nicolae_sif_muna_condensation
D:4:      kennysheep_spiral_hall, layout_rooms, minmay_temple_entry_junction
D:5:      minmay_recursive_quarters, layout_cave_pools, enter_ossuary_3,
          minmay_misc_feat_encased
D:6:      layout_loops_corners, nicolae_uskayaw_dance_hall,
          mainiacjoe_overflow_surrounded_room
D:7:      layout_rooms, gammafunk_ghost_gnarly_gnolls
D:8:      layout_basic, serial_shops, shop_coins
D:9:      layout_basic, fedhas_bush_and_centaur_altar, lemuel_crystal_altar,
          uniq_grum, uniq_erolcha, uniq_pikel
Temple:   sentei_temple_godly_chess

Skill      XL: |  1  2  3  4  5  6  7  8  9 10 |
---------------+-------------------------------+-----
Axes           | 3 4 5 6 7 8 |  8.4
Fighting       | 4 5 6 7 9 10 | 10.1
Dodging        | 2 |  2.2
Armour         | 3 4 5 6 7 |  7.0
Evocations     | 1 2 3 4 5 |  5.0

Action                     |  1- 3 |  4- 6 |  7- 9 | 10-12 || total
---------------------------+-------+-------+-------+-------++-------
  Melee: Hand axe          |   133 |   174 |   504 |    67 ||   878
         Punch             |     1 |     1 |     6 |       ||     8
         Morningstar       |       |       |     6 |       ||     6
 Invoke: Berserk           |     1 |     3 |     2 |     3 ||     9
         Trog's Hand       |       |       |     1 |     2 ||     3
  Evoke: Wand              |       |     3 |       |     2 ||     5
    Use: Scroll            |       |     7 |     5 |       ||    12
         Potion            |       |     1 |       |       ||     1
   Stab: Sleeping          |     3 |       |       |       ||     3
 Armour: Animal skin       |    38 |    14 |       |       ||    52
         Chain mail        |       |   101 |   450 |    54 ||   605
  Dodge: Dodged            |    81 |    86 |   303 |    48 ||   518

Table legend: (Time is in decaauts)
 A = Elapsed time spent in this place.
 B = Non-inter-level travel time spent in this place.
 C = Inter-level travel time spent in this place.
 D = Time resting spent in this place.
 E = Time spent auto-exploring this place.
 F = Levels seen in this place.
 G = Mean time per level.
                   A        B        C        D        E       F      G
               +--------+--------+--------+--------+--------+-----+--------+
         Total |   7722 |   7404 |    318 |   1115 |   4469 |  11 |  702.0 |
       Dungeon |   7455 |   7137 |    318 |   1048 |   4419 |   9 |  828.3 |
        Temple |     17 |     17 |      0 |      0 |      0 |   1 |   17.0 |
       Ossuary |    249 |    249 |      0 |     67 |     50 |   1 |  249.0 |
               +--------+--------+--------+--------+--------+-----+--------+

Top non-repeatable levels by time:
     D:5: 1086 daAuts
     D:2: 1051 daAuts
     D:1: 1013 daAuts
     D:8: 911 daAuts
     D:6: 842 daAuts
     D:7: 674 daAuts
     D:4: 665 daAuts
     D:3: 616 daAuts
     D:9: 593 daAuts
 Ossuary: 249 daAuts
  Temple: 17 daAuts
